Map: Korhal Carnage Knockout LE

Players

Fropez

  • Race: Protoss Protoss
  • League: Silver
  • Spawn Location: 6:00

JohnPicasso - Winner!

  • Race: Terran Terran
  • League: Silver
  • Spawn Location: 9:00

VOD

Have the link to the VOD?

Description

Time

  • Played on: April 16, 2016, 7:56 p.m.
  • Length: 8:13
Show
View Real Time Build Order
Export as new Build Order

Fropez Protoss 

Build Orders:  

Get SALT Encoding   

  12  0:14  Pylon  
  12  0:16  Probe (Chrono Boost)  
  13  0:27  Pylon  
  13  0:37  Gateway  
  13  0:47  Probe (Chrono Boost)  
  14  0:57  Probe (Chrono Boost)  
  14  1:03  Assimilator  
  15  1:08  Pylon, Probe (Chrono Boost)  
  17  1:18  Probe (Chrono Boost)  
  17  1:24  Zealot  
  19  1:29  Probe (Chrono Boost)  
  20  1:36  Cybernetics Core  
  20  1:39  Probe (Chrono Boost)  
  21  1:50  Probe (Chrono Boost)  
  21  1:51  Zealot  
  24  2:13  Warp Gate (Chrono Boost)  
  24  2:15  Assimilator  
  24  2:17  Probe  
  27  2:30  Mothership Core  
  27  2:33  Zealot  
  29  2:50  Gateway  
  29  2:51  Probe  
  30  3:03  Probe  
  31  3:13  Gateway  
  31  3:15  Pylon, Probe  
  32  3:25  Twilight Council  
  32  3:26  Pylon  
  32  3:27  Probe  
  32  3:30  Stalker  
  35  3:39  Probe  
  38  3:51  Probe  
  37  4:02  Blink (Chrono Boost)  
  37  4:11  Probe  
  38  4:25  Pylon, Probe  
  39  4:33  Stalker  
  39  4:34  Stalker x2  
  39  4:37  Probe  
  46  4:49  Forge  
  46  4:50  Probe  
  46  4:52  Pylon  
  47  4:57  Assimilator  
  47  5:00  Assimilator  
  47  5:02  Probe  
  47  5:04  Gateway  
  48  5:07  Stalker x3  
  54  5:20  Probe  
  55  5:22  Protoss Ground Weapons Level 1  
  55  5:39  Nexus  
  55  5:51  Pylon  
  55  5:58  Forge  
  55  6:03  Pylon  
  49  6:16  Stalker x3  
  55  6:20  Probe  
  56  6:32  Stalker  
  58  6:43  Pylon  
  58  6:45  Pylon  
  58  7:01  Probe  
  57  7:42  Stalker  
  57  7:43  Stalker x3  
  45  7:59  Probe  
Show
View Real Time Build Order
Export as new Build Order

JohnPicasso Terran - Winner!

Build Orders:  

Get SALT Encoding   

  12  0:01  SCV  
  13  0:14  Supply Depot  
  13  0:17  SCV  
  14  0:29  SCV  
  15  0:38  Barracks  
  15  0:42  SCV  
  16  0:54  SCV  
  16  0:55  Refinery  
  17  1:00  Refinery  
  17  1:06  SCV  
  18  1:18  SCV  
  19  1:26  Marine  
  19  1:27  Supply Depot  
  20  1:33  Orbital Command  
  20  1:46  Marine  
  21  2:00  SCV  
  22  2:04  Marine  
  22  2:05  Factory  
  22  2:13  SCV  
  23  2:22  Marine  
  23  2:25  SCV  
  23  2:29  Barracks  
  25  2:37  SCV  
  25  2:43  Supply Depot  
  26  2:46  Marine  
  26  2:49  SCV  
  28  2:53  Factory Tech Lab  
  28  2:54  Starport  
  28  3:01  SCV  
  29  3:15  Siege Tank  
  29  3:17  Barracks Tech Lab  
  29  3:18  SCV  
  33  3:23  Marine  
  34  3:30  SCV  
  34  3:34  Supply Depot  
  35  3:40  Combat Shields  
  35  3:42  Marine, SCV  
  35  3:44  Marine  
  38  3:54  SCV  
  38  3:55  Siege Tank  
  42  3:57  Supply Depot x2  
  42  4:00  Marine  
  42  4:01  Marine  
  44  4:03  Liberator  
  44  4:09  SCV  
  45  4:21  SCV  
  49  4:26  Marine x2  
  51  4:37  SCV  
  52  4:42  Supply Depot  
  52  4:44  Marine x2, Siege Tank  
  57  4:52  SCV  
  58  5:04  SCV  
  59  5:07  Medivac  
  59  5:11  Marine x2  
  63  5:21  Siege Tank  
  66  5:22  SCV  
  66  5:28  Engineering Bay  
  67  5:33  Marine x2  
  69  5:53  Marine x2  
  67  6:15  Medivac  
  69  6:27  Marine x2  
  71  6:41  Supply Depot  
  71  6:42  Command Center  
  71  6:49  Barracks x2, Missile Turret  
  71  6:51  Barracks  
  71  7:02  Marine, SCV, Siege Tank  
  71  7:04  Supply Depot  
  71  7:06  Supply Depot  
  76  7:14  SCV  
Tags
 
Add a new tag
Caveats
  • Supply blocks, unpowered buildings, or Contaminate may cause inaccurate times.
  • Supply counts are checked every 10 seconds.